 Dungeon Crawl Stone Soup version 0.31-a0-640-g39d97e502b (webtiles) character file.

Game seed: 7474371478236744348

5705 qw the Skirmisher (level 10, -7/64 HPs)
             Began as a Gargoyle Hunter on Aug 27, 2023.
             Was a Priest of Okawaru.
             Mangled by a centaur warrior (8 damage)
             ... on level 8 of the Dungeon.
             The game lasted 00:03:38 (6665 turns).

qw the Skirmisher (Gargoyle Hunter)                 Turns: 6665, Time: 00:03:39

Health: -7/64      AC: 22    Str: 16    XL:     10   Next: 76%
Magic:  11/13      EV: 15    Int:  9    God:    Okawaru [***...]
Gold:   403        SH:  0    Dex: 17    Spells: 9/9 levels left

rFire   . . .        Y - +2 shortbow (flame)
rCold   + + .        (shield currently unavailable)
rNeg    + + .        l - +2 ring mail {rC+}
rPois   inf          e - +2 helmet
rElec   +            j - +0 cloak
rCorr   .            (no gloves)
SInv    .            f - +0 pair of boots
Will    .....        c - amulet of faith
Stlth   +++          m - ring of protection from cold
HPRegen 0.30/turn    n - ring of positive energy
MPRegen 0.13/turn

%: faith
@: heroic
A: sickness immunity, AC +7, negative energy resistance 1, electricity
resistance, torment resistance 1, petrification resistance
a: Renounce Religion, Heroism


You were on level 8 of the Dungeon.
You worshipped Okawaru.
Okawaru was most pleased with you.
You visited 2 branches of the dungeon, and saw 9 of its levels.

You collected 529 gold pieces.
You spent 126 gold pieces at shops.


Innate Abilities, Weirdness & Mutations

You are immune to sickness and miasma.
Your stone body is resilient. (AC +7)
You are immune to poison.
You resist negative energy. (rN+)
You are resistant to electric shocks. (rElec)
You are resistant to unholy torment.
You are immune to petrification.


   Skills:
 + Level 8.2(13.2) Fighting
 - Level 13.0(18.0) Ranged Weapons
 - Level 4.1(9.1) Armour
 - Level 3.0(8.0) Dodging
 - Level 1.1(6.1) Stealth
 - Level 4.3 Invocations


You had 9 spell levels left.
You didn't know any spells.
Your spell library was empty.

Inventory:

Hand Weapons
 Y - a +2 shortbow of flaming (weapon)
Armour
 e - a +2 helmet (worn)
 f - a +0 pair of boots (worn)
 j - a +0 cloak (worn)
 l - a +2 ring mail of cold resistance (worn)
Jewellery
 c - an amulet of faith (around neck)
 m - a ring of protection from cold (left hand)
 n - a ring of positive energy (right hand)
Scrolls
 h - a scroll of identify
 i - 2 scrolls of blinking {unknown}
Potions
 a - a potion of enlightenment
 b - a potion of resistance
 d - a potion of magic {unknown}
 g - a potion of cancellation
 k - 2 potions of curing
 o - a potion of attraction {unknown}

Dungeon Overview and Level Annotations

Branches:
Dungeon (8/15)             Temple (1/1) D:5
   Lair: D:8-11

Altars:
Ashenzari
Cheibriados
Dithmenos
Elyvilon
Fedhas
Gozag
Hepliaklqana
Makhleb
Nemelex Xobeh
Okawaru
Ru
Sif Muna
Trog
Uskayaw
Vehumet
Wu Jian
Xom
Yredelemnul
The Shining One

Shops:
D:3 [   D:6 (

Annotations:
D:4 1 runed translucent door, qw's ghost, amateur GrHs


Message History

You shoot an arrow.
The arrow hits the centaur warrior but does no damage.
You hear an angry buzzing noise.
The centaur warrior hits you but does no damage.
The centaur warrior closely misses you. The centaur warrior hits you.
The centaur warrior kicks you but does no damage.
You shoot an arrow.
The arrow hits the centaur warrior but does no damage.
The centaur warrior hits you but does no damage.
The centaur warrior kicks you but does no damage.
You shoot an arrow. The arrow hits the centaur warrior.
The arrow burns the centaur warrior.
The centaur warrior is lightly wounded.
The centaur warrior misses you. The centaur warrior kicks you.
The orc wizard gestures wildly while chanting.
The orc wizard flickers and vanishes!
Deactivating autopickup; reactivate with Ctrl-A.
You shoot an arrow. The arrow hits the centaur warrior.
The arrow burns the centaur warrior.
The centaur warrior is lightly wounded.
The centaur warrior hits you.
The centaur warrior kicks you but does no damage.
You shoot an arrow. The arrow hits the centaur warrior.
The arrow burns the centaur warrior.
The centaur warrior is lightly wounded.
You feel like a meek peon again.
You hear an angry buzzing noise.
The centaur warrior hits you but does no damage.
The centaur warrior kicks you but does no damage.
You hear a shout!
6664 ||| INVOKING Heroism.
You gain the combat prowess of a mighty hero.
The centaur warrior closely misses you. x2
The centaur warrior barely misses you.
The centaur warrior kicks you but does no damage.
You shoot an arrow. The arrow hits the centaur warrior.
The arrow burns the centaur warrior.
The centaur warrior is moderately wounded.
The centaur warrior hits you!
You die...

#.)..................%.....#
#..#####################.#)##
#..# ..# #.#... ##..# #.# #
#.###. #...# #.#y# #.# ##
####.#.# #.#c #.# ...#...# #{y
' #.# .......# #c# #.#
.......# #@# #.#
..)....#.#######.# #.#
().....#.........# #.#
.......#####.##### ###### #.#
.......#.7P..P...# #.....##.#
.......#....P....# ##...#..#.#
...#...#...P.....###...###.#.#
####.#.#P..(7..P.#......#..#.#
...#.7P7}P...............##


You could see a centaur warrior, a centaur and 2 killer bees.

Vanquished Creatures
  A deep elf pyromancer (D:8)
  A troll (D:8)
  A wyvern (D:8)
  15 yaks
  Eustachio (D:5)
  A steam dragon (D:7)
  Menkaure (D:5)
  Edmund (D:4)
  3 black bears
  2 ice beasts
  A sky beast (D:8)
  An ogre (D:6)
  A kobold brigand (D:7)
  A phantom (D:4)
  A gnoll sergeant (D:6)
  A bullfrog (D:8)
  4 scorpions
  4 wights
  A killer bee (D:8)
  3 jellies
  A gnoll bouda (D:8)
  7 hounds
  3 iguanas (D:6)
  2 orc wizards (D:8)
  3 sleepcaps
  Ijyb (D:5)
  12 gnolls
  7 adders
  A white imp (D:7)
  2 ufetubi
  2 dart slugs
  13 orcs
  10 endoplasms
  3 giant cockroaches
  7 goblins
  3 hobgoblins
  16 jackals
  4 quokkas
  2 ball pythons (D:1)
  8 bats
  3 frilled lizards
  15 kobolds
  5 rats
175 creatures vanquished.

Vanquished Creatures (others)
  A hound (D:7)
1 creature vanquished.

Grand Total: 176 creatures vanquished

Notes
Turn   | Place    | Note
-------+----------+-------------------------------------------
     0 | D:1      | qw the Gargoyle Hunter began the quest for the Orb.
     0 | D:1      | Reached XP level 1. HP: 12/12 MP: 1/1
     0 | D:1      | 0 ||| qw: Version: 0.3-a-74-g0d5e918
     0 | D:1      | 0 ||| qw: Game counter: 54
     0 | D:1      | 0 ||| qw: Melee chars always use a shield: true
     0 | D:1      | 0 ||| qw: God list: Okawaru
     0 | D:1      | 0 ||| qw: Allow faded altars: false
     0 | D:1      | 0 ||| qw: Do Orc after clearing Dungeon:15 true
     0 | D:1      | 0 ||| qw: Do second Lair branch before Depths: true
     0 | D:1      | 0 ||| qw: Lair rune preference: random
     0 | D:1      | 0 ||| qw: Goals: Normal
     0 | D:1      | 0 ||| PLANNING D:1-11
    19 | D:1      | 19 ||| RETREATING.
    29 | D:1      | 29 ||| Stepping ~*~*~tactically~*~*~ (retreating).
    54 | D:1      | Reached XP level 2. HP: 16/17 MP: 2/2
   249 | D:1      | Reached XP level 3. HP: 21/21 MP: 3/3
   332 | D:1      | Reached skill level 5 in Ranged Weapons
   521 | D:1      | 521 ||| UPGRADING to +0 helmet.
   526 | D:1      | 526 ||| READING 2 scrolls labelled FOEWEA TUJ BOO.
   527 | D:1      | 527 ||| READING scroll labelled UKHLIMNAOGU.
   528 | D:1      | 528 ||| READING scroll labelled TICVOE BAHE.
   529 | D:1      | 529 ||| READING scroll labelled SEUNEH AXKUVAR.
   530 | D:1      | 530 ||| READING scroll labelled QASSURUAHI.
   531 | D:1      | 531 ||| READING scroll labelled LUPLUEZXOU.
   532 | D:1      | 532 ||| DROPPING scroll of immolation.
   533 | D:1      | 533 ||| DROPPING scroll of butterflies.
   556 | D:2      | 556 ||| STAIRDANCE
   689 | D:2      | 689 ||| Stepping ~*~*~tactically~*~*~ (outnumbered).
   694 | D:2      | 694 ||| Stepping ~*~*~tactically~*~*~ (outnumbered).
   698 | D:2      | Reached skill level 3 in Fighting
   701 | D:2      | Reached XP level 4. HP: 28/28 MP: 4/4
  1090 | D:2      | 1090 ||| DROPPING ring of flight.
  1091 | D:2      | 1091 ||| READING scroll labelled RILANUXK DIMP.
  1281 | D:3      | Found a hazy altar of Hepliaklqana.
  1293 | D:3      | Found a snail-covered altar of Cheibriados.
  1316 | D:3      | Reached XP level 5. HP: 30/32 MP: 5/5
  1337 | D:3      | Identified the +2 chain mail "Heqet" {rN+ rCorr}
  1371 | D:3      | Found Vesonk's Antique Armour Boutique.
  1382 | D:3      | 1382 ||| BUYING pair of boots (126 gold).
  1382 | D:3      | Bought a pair of boots for 126 gold pieces
  1382 | D:3      | 1382 ||| SHOPLISTING ring mail (112 gold, have 38).
  1382 | D:3      | 1382 ||| SHOPLISTING runed robe (103 gold, have 38).
  1511 | D:3      | Found a faded altar of an unknown god.
  1685 | D:3      | 1685 ||| Stepping ~*~*~tactically~*~*~ (outnumbered).
  1796 | D:3      | 1796 ||| UPGRADING to +0 pair of boots.
  1801 | D:3      | 1801 ||| READING 3 scrolls labelled BAUNUT TUM HAY.
  1802 | D:3      | 1802 ||| DRINKING 2 smoky inky potions.
  1803 | D:3      | 1803 ||| DROPPING 2 scrolls of poison.
  1957 | D:4      | Noticed a black bear
  1971 | D:4      | Killed a black bear
  1972 | D:4      | Reached skill level 3 in Armour
  1972 | D:4      | Reached XP level 6. HP: 17/37 MP: 6/6
  2108 | D:4      | Reached skill level 6 in Ranged Weapons
  2134 | D:4      | Found a runed translucent door.
  2135 | D:4      | Noticed qw's ghost (amateur GrHs)
  2353 | D:4      | Identified the +3 morningstar of Locus Delicti {drain, Fly
                  | rCorr}
  2407 | D:4      | Noticed Edmund
  2424 | D:4      | HP: 9/38 [Edmund/+3 flail of draining (3)]
  2425 | D:4      | 2425 ||| DRINKING potion of heal wounds.
  2431 | D:4      | Killed Edmund
  2432 | D:4      | Reached XP level 7. HP: 15/43 MP: 7/7
  2553 | D:4      | 2553 ||| READING scroll of enchant armour.
  2553 | D:4      | 2553 ||| ENCHANTING +0 helmet.
  2911 | D:4      | 2911 ||| UPGRADING to +2 ring mail of cold resistance.
  2921 | D:4      | 2921 ||| DROPPING +0 leather armour.
  2922 | D:4      | 2922 ||| UPGRADING to ring of protection from cold.
  2923 | D:4      | 2923 ||| READING scroll labelled ERAV ZADOAT.
  2924 | D:4      | 2924 ||| READING scroll labelled FULUQI YGHIVYA.
  2925 | D:4      | 2925 ||| DRINKING 3 silvery potions.
  2930 | D:4      | 2930 ||| READING 3 scrolls of identify.
  2930 | D:4      | 2930 ||| IDENTIFYING bubbling blue potion
  2931 | D:4      | 2931 ||| READING 2 scrolls of identify.
  2931 | D:4      | 2931 ||| IDENTIFYING grey potion
  2932 | D:4      | 2932 ||| DROPPING 2 potions of ambrosia.
  2980 | D:5      | Entered Level 5 of the Dungeon
  3034 | D:5      | Noticed Menkaure
  3038 | D:5      | Killed Menkaure
  3039 | D:5      | Reached skill level 7 in Ranged Weapons
  3284 | D:5      | Reached skill level 8 in Ranged Weapons
  3386 | D:5      | Noticed Ijyb
  3395 | D:5      | Killed Ijyb
  3495 | D:5      | Found a staircase to the Ecumenical Temple.
  3496 | D:5      | 3496 ||| PLANNING TEMPLE
  3496 | D:5      | 3496 ||| READING 2 scrolls of identify.
  3496 | D:5      | 3496 ||| IDENTIFYING sapphire potion
  3497 | D:5      | 3497 ||| DROPPING potion of brilliance.
  3523 | Temple   | Entered the Ecumenical Temple
  3524 | Temple   | 3524 ||| PLANNING D:1-11
  3733 | D:5      | Reached XP level 8. HP: 49/49 MP: 8/8
  3919 | D:5      | Noticed Eustachio
  3938 | D:5      | 3938 ||| Stepping ~*~*~tactically~*~*~ (retreating).
  3943 | D:5      | Killed Eustachio
  4110 | D:5      | 4110 ||| READING 4 scrolls of identify.
  4110 | D:5      | 4110 ||| IDENTIFYING fuming coppery potion
  4111 | D:5      | 4111 ||| READING 3 scrolls of identify.
  4111 | D:5      | 4111 ||| IDENTIFYING puce potion
  4112 | D:5      | 4112 ||| DROPPING potion of lignification.
  4183 | D:6      | Found Wenalim's Weapon Boutique.
  4193 | D:6      | 4193 ||| SHOPLISTING +9 arbalest "Zeekos" {penet, *Slow rN+
                  | Str+5} (1012 gold, have 172).
  4278 | D:6      | 4278 ||| Stepping ~*~*~tactically~*~*~ (retreating).
  4279 | D:6      | 4279 ||| Stepping ~*~*~tactically~*~*~ (retreating).
  4280 | D:6      | 4280 ||| Stepping ~*~*~tactically~*~*~ (retreating).
  4281 | D:6      | 4281 ||| Stepping ~*~*~tactically~*~*~ (retreating).
  4282 | D:6      | 4282 ||| Stepping ~*~*~tactically~*~*~ (retreating).
  4283 | D:6      | 4283 ||| Stepping ~*~*~tactically~*~*~ (retreating).
  4299 | D:6      | Reached skill level 9 in Ranged Weapons
  4489 | D:6      | HP: 12/51 [gnoll sergeant/+2 heavy spear (7)]
  4490 | D:6      | 4490 ||| DRINKING potion of heal wounds.
  4497 | D:6      | Reached skill level 6 in Fighting
  4641 | D:6      | 4641 ||| RETREATING.
  4644 | D:6      | 4644 ||| Stepping ~*~*~tactically~*~*~ (retreating).
  4667 | D:6      | 4667 ||| FLEEEEING.
  4668 | D:6      | 4668 ||| FLEEEEING.
  4669 | D:6      | 4669 ||| FLEEEEING.
  4670 | D:6      | 4670 ||| FLEEEEING.
  4671 | D:6      | 4671 ||| FLEEEEING.
  4672 | D:6      | 4672 ||| FLEEEEING.
  4673 | D:6      | 4673 ||| FLEEEEING.
  4674 | D:6      | 4674 ||| FLEEEEING.
  4675 | D:6      | 4675 ||| FLEEEEING.
  4676 | D:6      | 4676 ||| FLEEEEING.
  4677 | D:6      | 4677 ||| FLEEEEING.
  4678 | D:6      | 4678 ||| FLEEEEING.
  4679 | D:6      | 4679 ||| FLEEEEING.
  4680 | D:6      | 4680 ||| FLEEEEING.
  4681 | D:6      | 4681 ||| FLEEEEING.
  4682 | D:6      | 4682 ||| FLEEEEING.
  4683 | D:6      | 4683 ||| FLEEEEING.
  4684 | D:6      | 4684 ||| FLEEEEING.
  4685 | D:6      | 4685 ||| FLEEEEING.
  4686 | D:6      | 4686 ||| FLEEEEING.
  4687 | D:6      | 4687 ||| FLEEEEING.
  4689 | D:6      | 4689 ||| FLEEEEING.
  4692 | D:6      | 4692 ||| FLEEEEING.
  4693 | D:6      | 4693 ||| FLEEEEING.
  4774 | D:6      | Reached XP level 9. HP: 55/55 MP: 9/9
  4815 | D:6      | Reached skill level 10 in Ranged Weapons
  4915 | D:6      | 4915 ||| UPGRADING to +0 cloak.
  4920 | D:6      | 4920 ||| UPGRADING to ring of positive energy.
  4921 | D:6      | 4921 ||| READING scroll labelled WAYMAO JAPUSM.
  5022 | D:6      | 5022 ||| READING scroll labelled GYXKUGI TIRIBEI.
  5026 | D:6      | 5026 ||| READING scroll labelled MEUDESSIELU.
  5027 | D:6      | 5027 ||| READING 2 scrolls of identify.
  5027 | D:6      | 5027 ||| IDENTIFYING bubbling puce potion
  5028 | D:6      | 5028 ||| DROPPING potion of degeneration.
  5089 | D:7      | 5089 ||| Stepping ~*~*~tactically~*~*~ (cloud).
  5228 | D:7      | 5228 ||| READING scroll of enchant armour.
  5228 | D:7      | 5228 ||| ENCHANTING +1 helmet.
  5251 | D:7      | Found an iron altar of Okawaru.
  5252 | D:7      | 5252 ||| PLANNING OKAWARU WORSHIP
  5259 | D:7      | Became a worshipper of Warmaster Okawaru
  5260 | D:7      | 5260 ||| PLANNING D:1-11
  5410 | D:7      | 5410 ||| RETREATING.
  5412 | D:7      | 5412 ||| RETREATING.
  5443 | D:7      | Reached * piety under Okawaru
  5444 | D:7      | 5444 ||| INVOKING Heroism.
  5449 | D:7      | Reached skill level 11 in Ranged Weapons
  5449 | D:7      | Reached skill level 1 in Invocations
  5457 | D:7      | Reached skill level 3 in Dodging
  5645 | D:7      | Found a glowing golden altar of the Shining One.
  5748 | D:7      | 5748 ||| Stepping ~*~*~tactically~*~*~ (outnumbered).
  5750 | D:7      | 5750 ||| Stepping ~*~*~tactically~*~*~ (outnumbered).
  5762 | D:7      | 5762 ||| Stepping ~*~*~tactically~*~*~ (outnumbered).
  5809 | D:7      | Reached skill level 3 in Invocations
  5961 | D:7      | 5961 ||| UPGRADING to amulet of faith.
  5966 | D:7      | 5966 ||| READING 2 scrolls of identify.
  5966 | D:7      | 5966 ||| IDENTIFYING lumpy golden potion
  6060 | D:8      | 6060 ||| READING scroll of enchant weapon.
  6060 | D:8      | 6060 ||| ENCHANTING +1 shortbow of flaming.
  6137 | D:8      | 6137 ||| INVOKING Heroism.
  6138 | D:8      | 6138 ||| RETREATING.
  6186 | D:8      | Reached XP level 10. HP: 63/63 MP: 11/13
  6188 | D:8      | Reached ** piety under Okawaru
  6189 | D:8      | 6189 ||| FLEEEEING.
  6190 | D:8      | 6190 ||| RETREATING.
  6191 | D:8      | 6191 ||| Stepping ~*~*~tactically~*~*~ (retreating).
  6192 | D:8      | 6192 ||| Stepping ~*~*~tactically~*~*~ (retreating).
  6193 | D:8      | 6193 ||| Stepping ~*~*~tactically~*~*~ (retreating).
  6194 | D:8      | 6194 ||| Stepping ~*~*~tactically~*~*~ (retreating).
  6195 | D:8      | 6195 ||| Stepping ~*~*~tactically~*~*~ (retreating).
  6196 | D:8      | 6196 ||| Stepping ~*~*~tactically~*~*~ (retreating).
  6197 | D:8      | 6197 ||| Stepping ~*~*~tactically~*~*~ (retreating).
  6198 | D:8      | 6198 ||| Stepping ~*~*~tactically~*~*~ (retreating).
  6211 | D:8      | 6211 ||| INVOKING Heroism.
  6236 | D:8      | 6236 ||| INVOKING Heroism.
  6248 | D:8      | HP: 7/64 [yak (12)]
  6312 | D:8      | 6312 ||| INVOKING Heroism.
  6319 | D:8      | Reached skill level 12 in Ranged Weapons
  6462 | D:8      | 6462 ||| FLEEEEING.
  6463 | D:8      | 6463 ||| FLEEEEING.
  6464 | D:8      | 6464 ||| FLEEEEING.
  6465 | D:8      | 6465 ||| FLEEEEING.
  6466 | D:8      | 6466 ||| FLEEEEING.
  6467 | D:8      | 6467 ||| FLEEEEING.
  6468 | D:8      | 6468 ||| FLEEEEING.
  6469 | D:8      | 6469 ||| FLEEEEING.
  6470 | D:8      | 6470 ||| FLEEEEING.
  6471 | D:8      | 6471 ||| FLEEEEING.
  6472 | D:8      | 6472 ||| FLEEEEING.
  6473 | D:8      | 6473 ||| FLEEEEING.
  6474 | D:8      | 6474 ||| FLEEEEING.
  6475 | D:8      | 6475 ||| FLEEEEING.
  6476 | D:8      | 6476 ||| FLEEEEING.
  6477 | D:8      | 6477 ||| FLEEEEING.
  6481 | D:8      | 6481 ||| FLEEEEING.
  6482 | D:8      | 6482 ||| FLEEEEING.
  6483 | D:8      | 6483 ||| FLEEEEING.
  6484 | D:8      | 6484 ||| FLEEEEING.
  6485 | D:8      | 6485 ||| FLEEEEING.
  6486 | D:8      | 6486 ||| FLEEEEING.
  6496 | D:8      | 6496 ||| FLEEEEING.
  6558 | D:8      | 6558 ||| Invisibility monster not found???
  6580 | D:8      | Noticed a deep elf pyromancer
  6592 | D:8      | Killed a deep elf pyromancer
  6592 | D:8      | Reached *** piety under Okawaru
  6642 | D:8      | 6642 ||| INVOKING Heroism.
  6651 | D:8      | Noticed a centaur warrior
  6653 | D:8      | HP: 16/64 [centaur warrior/arrow (21)]
  6654 | D:8      | Reached skill level 13 in Ranged Weapons
  6658 | D:8      | HP: 10/64 [centaur warrior (7)]
  6661 | D:8      | HP: 1/64 [centaur warrior (4)]
  6664 | D:8      | 6664 ||| INVOKING Heroism.
  6665 | D:8      | Mangled by a centaur warrior

Levels and vault maps discovered:
D:1:      pf_arrival_petrified_forest, layout_rooms
D:2:      layout_basic
D:3:      layout_basic, nzn_hepliaklqana_mist_gate, cheibriados_altar_1,
          serial_shops, nicolae_lakefront_shop, ebering_ecumenical_altar_hall
D:4:      layout_cave_pods, ebering_ghost_reflecting_pool, uniq_edmund
D:5:      lemuel_ice_spiral_2, layout_basic, minmay_temple_entry_junction,
          uniq_ijyb, uniq_menkaure, uniq_eustachio
D:6:      layout_rooms, serial_shops, shop, minmay_fractal_squares_gapless_5
D:7:      layout_loops_ring, mainiacjoe_overflow_paths, tso_oasis_becter,
          chequers_jeans
D:8:      layout_rooms, minmay_the_grid_2x2 [minmay_the_grid_eight,
          minmay_the_grid_garden, minmay_the_grid_armoury,
          minmay_the_grid_prize_shrinking_boxes]
Temple:   regret_index_temple_generic_petals

Skill      XL: |  1  2  3  4  5  6  7  8  9 10 |
---------------+-------------------------------+-----
Ranged Weapons | 5 6 8 9 11 13 | 13.0
Fighting       | 3 4 5 6 7 8 |  8.2
Armour         | 3 4 |  4.1
Dodging        | 2 3 |  3.0
Invocations    | 4 |  4.3
Stealth        | |  1.1

Action                     |  1- 3 |  4- 6 |  7- 9 | 10-12 || total
---------------------------+-------+-------+-------+-------++-------
   Fire: Shortbow          |   104 |   210 |   421 |   166 ||   901
 Invoke: Heroism           |       |       |     2 |     5 ||     7
    Use: Scroll            |     6 |     2 |    15 |       ||    23
         Potion            |       |     2 |     2 |       ||     4
 Armour: Leather armour    |    21 |    79 |     5 |       ||   105
         Ring mail         |       |       |   119 |    33 ||   152
  Dodge: Dodged            |    31 |    99 |   142 |    35 ||   307

Table legend:
 A = Non-vault XP
 B = Vault XP
 C = Vault XP percentage of total XP
 D = Non-vault monster count
 E = Vault monster count
 F = Vault count percentage of total count
                 A         B        C        D         E       F
            +---------+---------+-------+---------+---------+-------
      Total |    6185 |    1966 |  24.1 |     165 |      11 |   6.2
            +---------+---------+-------+---------+---------+-------
        D:1 |      55 |       0 |   0.0 |      32 |       0 |   0.0
        D:2 |      84 |       0 |   0.0 |      13 |       0 |   0.0
        D:3 |      39 |       0 |   0.0 |      17 |       0 |   0.0
        D:4 |     362 |     162 |  30.9 |      24 |       1 |   4.0
        D:5 |     291 |     399 |  57.8 |      11 |       3 |  21.4
        D:6 |     876 |     277 |  24.0 |      18 |       4 |  18.2
        D:7 |    1649 |       0 |   0.0 |      25 |       0 |   0.0
        D:8 |    2829 |    1128 |  28.5 |      25 |       3 |  10.7
            +---------+---------+-------+---------+---------+-------
